AoeStats
← Zima

Hideout

507802989Analyzed
1v1 RM · 13d ago on Sep 19, 2026· 36m 9s· 2 players
Game mode
Random Map
Map size
Tiny (2 player)
Population
200
Speed
Normal
Resources
Standard
Victory
Conquest
Starting age
Dark Age
Ending age
Imperial Age
RankedLock teamsTeams togetherTeam positionsShared explorationLock speedFull tech treeHidden civsTurbo modeCheats
Victory
Defeat
🇧🇷 Japanese · Brazil
1681
+11
🇨🇴 Goths · Colombia
1575
-11
Zima
5:31 Loom
9:14 Feudal Age
10:14 Double-Bit Axe
10:31 Horse Collar
17:50 Padded Archer Armor
20:00 Fletching
24:06 Castle Age
24:23 Wheelbarrow
24:17 Elite Skirmisher
24:26 Elite Skirmisher
27:53 Forging
28:19 Gold Mining
33:56 Scale Barding Armor
34:28 Town Watch
34:09 Light Cavalry
35:12 Husbandry
El Procurador
7:08 Loom
9:12 Feudal Age
9:26 Man-at-Arms
10:17 Double-Bit Axe
10:59 Horse Collar
14:24 Fletching
16:04 Wheelbarrow
15:19 Arson
16:09 Town Watch
21:09 Castle Age
19:50 Gold Mining
21:22 Crossbowman
21:59 Bodkin Arrow
22:53 Elite Skirmisher
24:12 Bow Saw
24:07 Padded Archer Armor
27:29 Leather Archer Armor
36:38 Imperial Age
34:25 Scale Mail Armor
34:35 Forging
34:53 Squires
35:40 Chain Mail Armor
37:03 Ballistics
Connection lost

Rejoining the realm…

Still unreachable

The connection could not be restored.

Session expired

The server has moved on; the page needs a fresh start.